General information
- name: BNet
- type: Ladder team game (AT/RT)
- host: Battle.net
- saver: BlTCHIMTHEKING
map: Cherryville
- players: 8
- length: 45:27
- speed: Fast
- version: 1.27 W3XP
- replay type: Public
» download(273 KB)
Players
team 1 (winner)
ThugMaSteR (
green | 64 APM | 1069 actions | 16:35)
4 Death Knight
2 Death Coil
2 Unholy Aura
1 Lich
1 Frost Nova
1 Crypt Lord
1 Impale
» actions
| Assign group hotkey | 29 | |
| Build / train | 58 | |
| Enter build submenu | 23 | |
| Enter hero's abilities submenu | 6 | |
| Give item / drop item | 2 | |
| Right click | 437 | |
| Select / deselect | 283 | |
| Select group hotkey | 168 | |
| Use ability | 63 | |
1069 total
» units
| Acolyte | 8 | |
| Ghoul | 4 | |
| Crypt Fiend | 6 | |
| Obsidian Statue | 3 | |
| Frost Wyrm | 6 | |
27 total
» upgrades
| Creature Attack | 2 | |
| Creature Carapace | 2 | |
| Web | 1 | |
| Destroyer Form | 1 | |
| Freezing Breath | 1 | |
7 total
» buildings
| Crypt | 1 | |
| Graveyard | 1 | |
| Ziggurat | 9 | |
| Altar of Darkness | 1 | |
| Tomb of Relics | 1 | |
| Halls of the Dead | 1 | |
| Spirit Tower | 4 | |
| Black Citadel | 1 | |
| Slaughterhouse | 1 | |
| Sacrificial Pit | 1 | |
| Necropolis | 1 | |
| Nerubian Tower | 1 | |
| Boneyard | 2 | |
25 total
» build order
00:13 Crypt
00:23 Graveyard
00:51 Ziggurat
01:19 Altar of Darkness
01:47 Ziggurat
02:31 Tomb of Relics
03:30 Ziggurat
04:35 Ziggurat
04:41 Ziggurat
04:54 Ziggurat
05:32 Halls of the Dead
05:43 Spirit Tower
06:03 Spirit Tower
06:17 Ziggurat
07:02 Ziggurat
07:07 Ziggurat
07:08 Spirit Tower
09:09 Black Citadel
09:25 Slaughterhouse
09:43 Sacrificial Pit
10:16 Necropolis
10:19 Nerubian Tower
10:20 Spirit Tower
11:52 Boneyard
11:54 Boneyard
» items
| Rod of Necromancy | 2 | |
| Sacrificial Skull | 1 | |
| Healing Salve | 1 | |
| Potion of Lesser Invulnerability | 1 | |
| Orb of Corruption | 1 | |
| Scroll of Town Portal | 2 | |
8 total

»
OniiChanIts2Big (
orange | 63 APM | 2869 actions | 45:25)
4 Archmage
2 Summon Water Elemental
2 Brilliance Aura
» actions
| Assign group hotkey | 37 | |
| Basic commands | 97 | |
| Build / train | 66 | |
| ESC pressed | 5 | |
| Enter build submenu | 46 | |
| Enter hero's abilities submenu | 5 | |
| Right click | 1418 | |
| Select / deselect | 574 | |
| Select group hotkey | 417 | |
| Use ability | 182 | |
2869 total
» units
| Peasant | 13 | |
| Rifleman | 15 | |
| Siege Engine | 9 | |
| Frost Wyrm | 3 | |
| Troll Witch Doctor | 2 | |
| Shaman | 2 | |
44 total
» upgrades
| Gunpowder | 2 | |
| Masonry | 1 | |
| Plating | 4 | |
| Long Rifles | 1 | |
| Barrage | 1 | |
9 total
» buildings
| Altar of Kings | 1 | |
| Barracks | 1 | |
| Farm | 12 | |
| Blacksmith | 1 | |
| Arcane Vault | 2 | |
| Lumber Mill | 1 | |
| Keep | 1 | |
| Workshop | 4 | |
| Town Hall | 1 | |
| Castle | 2 | |
| Orc Burrow | 2 | |
| Watch Tower | 12 | |
| Necropolis | 1 | |
| Stronghold | 1 | |
42 total
» build order
00:04 Altar of Kings
00:06 Barracks
00:26 Farm
01:17 Blacksmith
01:35 Arcane Vault
01:37 Arcane Vault
01:54 Lumber Mill
02:38 Farm
03:01 Farm
03:38 Farm
04:15 Farm
04:17 Farm
04:28 Keep
06:29 Farm
07:41 Farm
07:42 Farm
07:48 Workshop
07:50 Workshop
08:00 Farm
10:24 Town Hall
11:11 Castle
11:11 Castle
12:48 Farm
12:56 Workshop
12:56 Workshop
13:11 Farm
29:47 Orc Burrow
29:48 Orc Burrow
29:51 Watch Tower
29:52 Watch Tower
29:59 Watch Tower
30:00 Watch Tower
30:01 Watch Tower
30:02 Watch Tower
30:04 Watch Tower
30:06 Watch Tower
30:12 Watch Tower
30:47 Watch Tower
30:48 Watch Tower
31:06 Watch Tower
34:41 Necropolis
34:55 Stronghold
» items
| Scroll of Regeneration | 2 | |
| Lesser Clarity Potion | 1 | |
3 total
BlTCHIMTHEKING (
yellow | 50 APM | 2256 actions | 45:27)
9 Blademaster
3 Wind Walk
3 Critical Strike
1 Bladestorm
2 Mirror Image
» actions
| Assign group hotkey | 33 | |
| Basic commands | 59 | |
| Build / train | 92 | |
| Enter build submenu | 66 | |
| Enter hero's abilities submenu | 9 | |
| Give item / drop item | 36 | |
| Remove unit from queue | 1 | |
| Right click | 965 | |
| Select / deselect | 405 | |
| Select group hotkey | 320 | |
| Use ability | 270 | |
2256 total
» units
| Peon | 10 | |
| Grunt | 4 | |
| Goblin Shredder | 1 | |
| Goblin Zeppelin | 1 | |
| Goblin Sapper | 8 | |
| Troll Batrider | 11 | |
| Troll Witch Doctor | 1 | |
36 total
» upgrades
| Reinforced Defenses | 1 | |
| Ranged Weapons | 3 | |
| Armor | 3 | |
| Troll Regeneration | 1 | |
| Liquid Fire | 1 | |
| Envenomed Spears | 1 | |
10 total
» buildings
| Orc Burrow | 4 | |
| Altar of Storms | 1 | |
| Barracks | 1 | |
| Voodoo Lounge | 1 | |
| War Mill | 2 | |
| Watch Tower | 51 | |
| Great Hall | 3 | |
| Stronghold | 1 | |
| Fortress | 1 | |
| Spirit Lodge | 1 | |
| Beastiary | 4 | |
70 total
» build order
00:10 Orc Burrow
00:51 Altar of Storms
00:52 Barracks
01:12 Orc Burrow
01:45 Voodoo Lounge
02:48 War Mill
03:29 Orc Burrow
04:03 Watch Tower
04:53 Great Hall
06:06 Watch Tower
06:07 Watch Tower
06:07 Watch Tower
06:08 Watch Tower
06:16 Watch Tower
06:17 Watch Tower
06:17 Watch Tower
06:18 Watch Tower
06:25 Watch Tower
06:26 Watch Tower
06:26 Watch Tower
06:26 Watch Tower
06:28 Watch Tower
06:28 Watch Tower
06:29 Watch Tower
06:29 Watch Tower
07:12 Stronghold
07:47 Watch Tower
07:47 Watch Tower
08:48 Watch Tower
09:42 Fortress
10:53 Watch Tower
10:53 Watch Tower
10:57 Watch Tower
11:05 Watch Tower
11:06 Watch Tower
11:08 Watch Tower
12:01 Watch Tower
12:02 Watch Tower
12:05 Watch Tower
12:06 Watch Tower
12:11 Watch Tower
12:15 Watch Tower
12:48 Watch Tower
12:51 Watch Tower
12:53 Watch Tower
12:57 Watch Tower
13:01 Watch Tower
14:10 Watch Tower
14:12 Watch Tower
14:13 Watch Tower
15:05 Spirit Lodge
16:18 Beastiary
16:25 Beastiary
16:30 Beastiary
16:35 Beastiary
17:25 War Mill
26:59 Orc Burrow
27:07 Great Hall
27:11 Watch Tower
27:11 Watch Tower
27:12 Watch Tower
27:13 Watch Tower
27:14 Watch Tower
27:16 Watch Tower
28:19 Great Hall
28:20 Watch Tower
29:47 Watch Tower
29:49 Watch Tower
29:54 Watch Tower
» items
| Healing Salve | 7 | |
| Mechanical Critter | 4 | |
| Periapt of Vitality | 3 | |
| Staff of Teleportation | 1 | |
| Orb of Lightning | 1 | |
| Potion of Healing | 3 | |
| Scroll of Town Portal | 2 | |
| Potion of Mana | 2 | |
| Lesser Clarity Potion | 1 | |
| Boots of Speed | 2 | |
| Circlet of Nobility | 2 | |
| Potion of Lesser Invulnerability | 2 | |
| Scroll of Healing | 1 | |
| Tome of Retraining | 2 | |
33 total

»
NecroWendy (
teal | 45 APM | 1013 actions | 22:22)
3 Tauren Chieftain
1 War Stomp
2 Endurance Aura
1 Shadow Hunter
1 Healing Wave
» actions
| Assign group hotkey | 20 | |
| Basic commands | 62 | |
| Build / train | 106 | |
| Enter build submenu | 39 | |
| Enter hero's abilities submenu | 4 | |
| Right click | 352 | |
| Select / deselect | 248 | |
| Select group hotkey | 98 | |
| Use ability | 84 | |
1013 total
» units
| Peon | 29 | |
| Grunt | 4 | |
| Shaman | 5 | |
| Troll Witch Doctor | 6 | |
| Goblin Shredder | 2 | |
| Raider | 2 | |
| Troll Batrider | 3 | |
| Frost Wyrm | 4 | |
| Acolyte | 4 | |
59 total
» upgrades
| Pillage | 1 | |
| Spiked Barricades | 3 | |
| Armor | 2 | |
| Melee Weapons | 1 | |
| Ensnare | 1 | |
| Shaman Training | 2 | |
| Witch Doctor Training | 2 | |
| War Drums Damage Increase | 1 | |
| Liquid Fire | 1 | |
14 total
» buildings
| Altar of Storms | 1 | |
| Orc Burrow | 9 | |
| Barracks | 1 | |
| Voodoo Lounge | 3 | |
| War Mill | 1 | |
| Great Hall | 1 | |
| Watch Tower | 7 | |
| Stronghold | 1 | |
| Spirit Lodge | 2 | |
| Beastiary | 4 | |
| Fortress | 1 | |
| Halls of the Dead | 5 | |
| Necropolis | 1 | |
| Crypt | 1 | |
| Altar of Darkness | 1 | |
| Tomb of Relics | 1 | |
40 total
» build order
00:19 Altar of Storms
00:26 Orc Burrow
00:55 Barracks
02:03 Orc Burrow
02:29 Orc Burrow
03:23 Voodoo Lounge
04:43 War Mill
06:00 Great Hall
06:23 Watch Tower
06:25 Watch Tower
06:26 Watch Tower
06:28 Watch Tower
06:30 Watch Tower
06:34 Voodoo Lounge
07:42 Orc Burrow
07:55 Orc Burrow
08:15 Watch Tower
08:21 Voodoo Lounge
08:27 Watch Tower
08:35 Stronghold
09:48 Orc Burrow
10:42 Orc Burrow
10:45 Orc Burrow
11:06 Spirit Lodge
11:12 Spirit Lodge
11:36 Beastiary
12:23 Orc Burrow
14:34 Beastiary
15:43 Fortress
18:14 Halls of the Dead
18:14 Halls of the Dead
18:14 Halls of the Dead
18:15 Halls of the Dead
18:38 Necropolis
19:48 Crypt
20:24 Beastiary
20:28 Beastiary
21:36 Altar of Darkness
21:44 Tomb of Relics
» items
| Scroll of Speed | 5 | |
| Healing Salve | 3 | |
| Lesser Clarity Potion | 2 | |
| Scroll of Town Portal | 2 | |
| Scroll of Protection | 1 | |
| Orb of Lightning | 1 | |
14 total
team 2 (loser)

»
Orc.T (
purple | 53 APM | 2424 actions | 45:25)
7 Death Knight
3 Death Coil
1 Death Pact
2 Unholy Aura
1 Animate Dead
» actions
| Assign group hotkey | 43 | |
| Basic commands | 47 | |
| Build / train | 66 | |
| ESC pressed | 4 | |
| Enter build submenu | 20 | |
| Enter hero's abilities submenu | 7 | |
| Give item / drop item | 4 | |
| Right click | 1268 | |
| Select / deselect | 588 | |
| Select group hotkey | 243 | |
| Use ability | 134 | |
2424 total
» units
| Acolyte | 4 | |
| Ghoul | 4 | |
| Crypt Fiend | 18 | |
| Necromancer | 4 | |
| Obsidian Statue | 3 | |
| Meatwagon | 1 | |
34 total
» upgrades
| Creature Attack | 2 | |
| Creature Carapace | 1 | |
| Web | 1 | |
| Skeletal Longevity | 1 | |
| Necromancer Training | 2 | |
| Exhume Corpses | 1 | |
| Unholy Strength | 2 | |
| Unholy Armor | 2 | |
| Disease Cloud | 1 | |
13 total
» buildings
| Crypt | 2 | |
| Altar of Darkness | 1 | |
| Ziggurat | 5 | |
| Graveyard | 1 | |
| Tomb of Relics | 1 | |
| Halls of the Dead | 1 | |
| Spirit Tower | 1 | |
| Nerubian Tower | 1 | |
| Temple of the Damned | 2 | |
| Slaughterhouse | 2 | |
| Necropolis | 2 | |
| Black Citadel | 1 | |
20 total
» build order
00:10 Crypt
00:12 Altar of Darkness
00:16 Crypt
00:27 Ziggurat
01:04 Graveyard
01:31 Ziggurat
02:32 Tomb of Relics
02:33 Ziggurat
03:26 Ziggurat
04:49 Halls of the Dead
05:39 Spirit Tower
05:41 Nerubian Tower
07:01 Ziggurat
09:25 Temple of the Damned
09:25 Slaughterhouse
09:28 Temple of the Damned
09:32 Necropolis
15:01 Black Citadel
15:04 Slaughterhouse
17:06 Necropolis
» items
| Rod of Necromancy | 2 | |
| Boots of Speed | 1 | |
| Periapt of Vitality | 1 | |
| Staff of Teleportation | 1 | |
| Orb of Corruption | 1 | |
6 total
showtime (
pink | 78 APM | 1978 actions | 25:14)
6 Death Knight
3 Death Coil
2 Unholy Aura
1 Animate Dead
5 Lich
3 Frost Nova
1 Frost Armor
1 Dark Ritual
» actions
| Assign group hotkey | 139 | |
| Basic commands | 226 | |
| Build / train | 72 | |
| ESC pressed | 5 | |
| Enter build submenu | 41 | |
| Enter hero's abilities submenu | 11 | |
| Give item / drop item | 6 | |
| Right click | 703 | |
| Select / deselect | 251 | |
| Select group hotkey | 420 | |
| Use ability | 104 | |
1978 total
» units
| Acolyte | 2 | |
| Ghoul | 3 | |
| Crypt Fiend | 11 | |
| Obsidian Statue | 2 | |
| Frost Wyrm | 8 | |
26 total
» upgrades
| Web | 1 | |
| Creature Attack | 1 | |
| Freezing Breath | 1 | |
3 total
» buildings
| Crypt | 1 | |
| Graveyard | 1 | |
| Ziggurat | 12 | |
| Altar of Darkness | 1 | |
| Tomb of Relics | 1 | |
| Halls of the Dead | 2 | |
| Nerubian Tower | 1 | |
| Slaughterhouse | 1 | |
| Black Citadel | 4 | |
| Sacrificial Pit | 1 | |
| Boneyard | 2 | |
27 total
» build order
00:19 Crypt
00:32 Graveyard
00:40 Ziggurat
01:09 Altar of Darkness
02:16 Ziggurat
02:30 Tomb of Relics
03:11 Ziggurat
03:52 Halls of the Dead
04:49 Nerubian Tower
06:19 Ziggurat
07:16 Slaughterhouse
07:30 Black Citadel
07:30 Black Citadel
07:30 Black Citadel
07:31 Black Citadel
09:27 Ziggurat
10:48 Sacrificial Pit
12:12 Boneyard
12:14 Boneyard
12:17 Ziggurat
12:19 Ziggurat
12:49 Ziggurat
22:17 Ziggurat
22:19 Ziggurat
22:23 Ziggurat
22:24 Ziggurat
» items
| Rod of Necromancy | 3 | |
| Scroll of Town Portal | 7 | |
| Scroll of Regeneration | 1 | |
| Lesser Clarity Potion | 1 | |
| Orb of Corruption | 5 | |
17 total
urmomisaghoul (
red | 79 APM | 3601 actions | 45:25)
7 Death Knight
3 Death Coil
3 Unholy Aura
1 Animate Dead
7 Lich
3 Frost Nova
2 Dark Ritual
1 Death and Decay
1 Frost Armor
» actions
| Assign group hotkey | 40 | |
| Basic commands | 154 | |
| Build / train | 165 | |
| ESC pressed | 9 | |
| Enter build submenu | 49 | |
| Enter hero's abilities submenu | 14 | |
| Give item / drop item | 23 | |
| Right click | 1378 | |
| Select / deselect | 526 | |
| Select group hotkey | 1000 | |
| Use ability | 243 | |
3601 total
» units
| Acolyte | 9 | |
| Ghoul | 4 | |
| Crypt Fiend | 17 | |
| Goblin Shredder | 4 | |
| Gargoyle | 4 | |
| Goblin Sapper | 5 | |
| Goblin Zeppelin | 1 | |
| Meatwagon | 1 | |
45 total
» upgrades
| Creature Attack | 3 | |
| Burrow | 1 | |
| Web | 1 | |
| Creature Carapace | 3 | |
| Ghoul Frenzy | 1 | |
| Destroyer Form | 1 | |
| Disease Cloud | 1 | |
| Stone Form | 1 | |
| Unholy Strength | 3 | |
| Unholy Armor | 3 | |
18 total
» buildings
| Graveyard | 1 | |
| Crypt | 4 | |
| Altar of Darkness | 1 | |
| Ziggurat | 32 | |
| Tomb of Relics | 1 | |
| Necropolis | 1 | |
| Halls of the Dead | 3 | |
| Nerubian Tower | 12 | |
| Spirit Tower | 51 | |
| Black Citadel | 1 | |
| Slaughterhouse | 3 | |
| Farm | 2 | |
112 total
» build order
00:07 Graveyard
00:08 Crypt
00:41 Altar of Darkness
00:57 Ziggurat
01:32 Tomb of Relics
02:08 Ziggurat
04:11 Necropolis
04:50 Halls of the Dead
04:51 Halls of the Dead
04:51 Halls of the Dead
05:16 Ziggurat
06:36 Nerubian Tower
07:33 Nerubian Tower
07:33 Nerubian Tower
07:35 Ziggurat
07:37 Ziggurat
08:33 Spirit Tower
08:34 Spirit Tower
09:32 Black Citadel
10:06 Slaughterhouse
10:29 Ziggurat
10:30 Ziggurat
10:33 Ziggurat
11:42 Spirit Tower
11:42 Spirit Tower
11:42 Spirit Tower
12:07 Ziggurat
12:08 Ziggurat
12:43 Crypt
12:45 Crypt
12:47 Crypt
13:04 Nerubian Tower
13:04 Spirit Tower
13:04 Spirit Tower
18:32 Spirit Tower
18:44 Ziggurat
18:45 Ziggurat
18:46 Ziggurat
18:50 Ziggurat
18:53 Ziggurat
18:55 Ziggurat
19:03 Ziggurat
19:06 Ziggurat
19:09 Ziggurat
19:16 Ziggurat
19:19 Slaughterhouse
19:20 Slaughterhouse
19:44 Spirit Tower
19:44 Spirit Tower
19:44 Spirit Tower
19:45 Spirit Tower
19:45 Spirit Tower
19:45 Spirit Tower
19:46 Spirit Tower
19:46 Spirit Tower
19:48 Spirit Tower
19:48 Spirit Tower
19:49 Spirit Tower
19:58 Spirit Tower
19:58 Spirit Tower
20:08 Nerubian Tower
20:09 Spirit Tower
20:09 Spirit Tower
20:09 Spirit Tower
20:11 Nerubian Tower
26:36 Ziggurat
26:37 Ziggurat
26:39 Ziggurat
26:42 Ziggurat
29:51 Nerubian Tower
29:52 Spirit Tower
29:52 Spirit Tower
33:15 Ziggurat
33:16 Ziggurat
33:18 Ziggurat
33:20 Ziggurat
34:45 Spirit Tower
34:45 Spirit Tower
34:45 Spirit Tower
34:47 Nerubian Tower
34:48 Nerubian Tower
34:48 Nerubian Tower
34:48 Spirit Tower
34:48 Spirit Tower
34:49 Spirit Tower
34:49 Spirit Tower
34:55 Ziggurat
34:56 Ziggurat
34:58 Ziggurat
35:00 Ziggurat
35:59 Nerubian Tower
35:59 Spirit Tower
35:59 Spirit Tower
36:00 Spirit Tower
36:00 Spirit Tower
36:10 Farm
36:14 Farm
» items
| Rod of Necromancy | 4 | |
| Sacrificial Skull | 2 | |
| Scroll of Town Portal | 1 | |
| Orb of Corruption | 1 | |
8 total
asdfsF111 (
blue | 43 APM | 1223 actions | 28:17)
4 Mountain King
2 Storm Bolt
2 Bash
» actions
| Assign group hotkey | 10 | |
| Basic commands | 20 | |
| Build / train | 74 | |
| ESC pressed | 1 | |
| Enter build submenu | 31 | |
| Enter hero's abilities submenu | 4 | |
| Right click | 618 | |
| Select / deselect | 267 | |
| Select group hotkey | 124 | |
| Use ability | 74 | |
1223 total
» units
» upgrades
| Masonry | 3 | |
| Swords | 3 | |
| Plating | 3 | |
| Magic Sentry | 1 | |
| Animal War Training | 1 | |
| Lumber Harvesting | 1 | |
12 total
» buildings
| Lumber Mill | 1 | |
| Scout Tower | 29 | |
| Guard Tower | 12 | |
| Altar of Kings | 2 | |
| Farm | 11 | |
| Barracks | 2 | |
| Arcane Tower | 4 | |
| Keep | 1 | |
| Arcane Vault | 1 | |
| Blacksmith | 1 | |
| Town Hall | 4 | |
| Castle | 1 | |
| Arcane Sanctum | 1 | |
70 total
» build order
00:08 Lumber Mill
00:12 Scout Tower
00:18 Scout Tower
00:19 Scout Tower
00:20 Scout Tower
00:22 Scout Tower
00:25 Scout Tower
01:37 Guard Tower
01:51 Guard Tower
02:06 Altar of Kings
02:14 Farm
02:26 Guard Tower
02:41 Guard Tower
03:01 Barracks
03:09 Farm
03:23 Arcane Tower
03:47 Arcane Tower
03:54 Farm
04:40 Keep
04:48 Arcane Vault
05:03 Farm
05:47 Farm
05:54 Blacksmith
06:32 Town Hall
07:43 Castle
07:49 Scout Tower
07:50 Scout Tower
07:51 Scout Tower
07:52 Scout Tower
07:53 Scout Tower
07:54 Scout Tower
07:55 Scout Tower
08:47 Barracks
08:57 Guard Tower
10:04 Guard Tower
10:18 Guard Tower
10:45 Guard Tower
11:06 Arcane Sanctum
11:46 Town Hall
11:49 Arcane Tower
11:53 Guard Tower
16:21 Scout Tower
16:22 Scout Tower
16:24 Scout Tower
16:25 Scout Tower
16:45 Farm
16:46 Farm
16:50 Farm
16:52 Farm
16:53 Farm
16:54 Farm
17:11 Arcane Tower
17:15 Guard Tower
17:46 Guard Tower
18:31 Guard Tower
19:35 Town Hall
21:35 Town Hall
23:53 Scout Tower
23:54 Scout Tower
23:55 Scout Tower
23:55 Scout Tower
23:57 Scout Tower
23:58 Scout Tower
23:59 Scout Tower
23:59 Scout Tower
24:00 Scout Tower
24:00 Scout Tower
24:01 Scout Tower
24:02 Scout Tower
26:26 Altar of Kings
» items
| Dust of Appearance | 1 | |
| Potion of Mana | 1 | |
| Potion of Healing | 1 | |
| Lesser Clarity Potion | 1 | |
| Scroll of Town Portal | 3 | |
| Orb of Fire | 1 | |
8 total
Chat log
(02:28 / All) BlTCHIMTHEKING: Any reviewbrah fans here?
(02:37 / All) urmomisaghoul: He's classy
(02:43 / All) urmomisaghoul: classy autist
(02:51 / All) BlTCHIMTHEKING: I think he doesn't have autism
(03:01 / All) urmomisaghoul: he's hilarious lol
(03:04 / All) urmomisaghoul: not sure how serious he is
(03:05 / All) BlTCHIMTHEKING: just born wrong year
(07:04 / Allies) NecroWendy: i need help plis
(10:25 / Allies) ThugMaSteR: wood?
(10:39 / Allies) ThugMaSteR: ty
(12:01 / Allies) NecroWendy: u can told ...
(12:03 / Allies) NecroWendy: out?
(12:07 / Allies) NecroWendy: i think u figth ...
(12:19 / Allies) OniiChanIts2Big: i wasnt even there yet
(12:28 / Allies) NecroWendy: blhe!
(13:13 / Allies) NecroWendy: lñumber plis?
(13:18 / Allies) NecroWendy: lumber plis?
(13:22 / Allies) BlTCHIMTHEKING: teal you mexicant?
(13:31 / All) showtime: dat nuke do
(13:43 / Allies) NecroWendy: yes, have a problem?
(13:53 / All) showtime: plz focus lichj
(13:57 / All) urmomisaghoul: Hacker trash green lol
(13:58 / All) showtime: nub
(14:08 / All) ThugMaSteR: u wish asshole
(14:17 / All) showtime: who the fuck is green
(14:21 / All) showtime: havent seen dis nigga all game
(14:25 / All) urmomisaghoul: a hacker
(14:29 / All) urmomisaghoul: and he always denies
(14:34 / All) showtime: everyone hacks lol
(14:39 / All) ThugMaSteR: im on wind xp cunt
(14:41 / All) showtime: who gives a shit its 4s
(14:43 / All) showtime: means nothing
(14:46 / All) ThugMaSteR: i can ss and prove i dont hack
(14:48 / All) ThugMaSteR: dumb fuck
(14:55 / All) urmomisaghoul: yeah sure buddy
(14:59 / All) ThugMaSteR: sure?????
(15:07 / All) urmomisaghoul: it's not true
(15:07 / All) showtime: look hes a noob
(15:13 / All) showtime: he got a crypt lord
(15:14 / All) showtime: rofl
(15:32 / All) showtime: gj
(15:45 / All) showtime: look how shit he is
(15:50 / All) showtime: he needs the hack if he does indeed hack
(16:06 / All) showtime: he is straight garbage lol
(16:13 / All) ThugMaSteR: 1v1
(16:16 / All) showtime: plz
(16:16 / All) ThugMaSteR: ill beat any1 here
(16:17 / All) showtime: clan od
(16:20 / All) showtime: CLan OD
(16:23 / All) urmomisaghoul: Out hacker
(16:24 / All) urmomisaghoul: You lose
(16:25 / All) showtime: come bud
(16:26 / All) ThugMaSteR: ok asssole
(16:28 / All) urmomisaghoul: I beat you any day any time any where
(16:30 / All) showtime: ill push your shit in
(16:43 / All) urmomisaghoul: raped
(16:49 / All) showtime: even with these noobs
(16:51 / All) showtime: you guys got rekt
(16:52 / All) showtime: gfg
(17:01 / All) showtime: get carried
(17:56 / All) asdfsF111: yellow is nice
(19:43 / All) showtime: lol
(19:49 / All) showtime: hey i think u got a stat
(19:50 / All) showtime: noice
(20:38 / All) showtime: leave noobs
(20:45 / All) showtime: need to smash this thugmaster peice of crap
(21:01 / All) urmomisaghoul: Already smashed him
(21:13 / All) BlTCHIMTHEKING: lawl
(21:14 / All) BlTCHIMTHEKING: I tped
(21:19 / All) asdfsF111: haha
(21:35 / All) showtime: yall suck
(21:42 / All) showtime: massing tower
(21:42 / All) showtime: Lol
(23:30 / All) showtime: nice towers
(24:07 / All) urmomisaghoul: nice wyrms lol
(24:13 / All) urmomisaghoul: good wyrm control
(25:26 / All) urmomisaghoul: He left since I wouldn't give away my wealth
(25:36 / All) BlTCHIMTHEKING: god
(25:38 / All) asdfsF111: gg
(25:41 / All) BlTCHIMTHEKING: pathfinding is retarded
(25:43 / All) asdfsF111: u guys won red lost us the game
(25:51 / All) urmomisaghoul: he whispered me "enjoy your l" and logged off
(25:55 / All) BlTCHIMTHEKING: ww doesn't go thru items
(26:01 / All) BlTCHIMTHEKING: so my bm is all confused lol
(26:59 / All) asdfsF111: ?
(27:00 / All) asdfsF111: wow
(27:03 / All) asdfsF111: red tk now
(27:07 / All) asdfsF111: what a fagget
(27:18 / All) asdfsF111: gg
(27:21 / All) OniiChanIts2Big: wtf
(27:22 / All) urmomisaghoul: I'm not a fagget
(27:26 / All) BlTCHIMTHEKING: gg blue is a noob
(27:26 / All) urmomisaghoul: why do you doubt my sexuality
(27:34 / All) asdfsF111: jaja
(27:34 / All) urmomisaghoul: are you a homophobe?
(27:40 / All) BlTCHIMTHEKING: blue is mexicant noob
(27:42 / All) asdfsF111: u are a fagget red
(27:45 / All) BlTCHIMTHEKING: BUILD THE WALL
(27:45 / All) urmomisaghoul: seems like you're really the homosexual blue
(27:54 / All) urmomisaghoul: only a homosexual would be afraid that I'm gay
(27:55 / All) asdfsF111: TRUMP @)!^ BABY!
(27:59 / All) urmomisaghoul: do you fear the queers?
(28:13 / All) asdfsF111: u team kill that makes u a fagget
(28:23 / All) urmomisaghoul: we're queer and we're here
(31:50 / Allies) OniiChanIts2Big: yellow can you kill his gargs?
(32:02 / Allies) BlTCHIMTHEKING: It would be extremely painful
(32:08 / Allies) OniiChanIts2Big: worth it
(32:12 / Allies) BlTCHIMTHEKING: For you
(32:18 / Allies) OniiChanIts2Big: thus for you
(32:32 / Allies) BlTCHIMTHEKING: You think that this gives you power over me?
(32:40 / Allies) OniiChanIts2Big: mayhap
(33:13 / Allies) OniiChanIts2Big: there he is
(33:17 / Allies) OniiChanIts2Big: so predictable hehe
(35:18 / All) Orc.T: whats up yellow
(35:26 / All) Orc.T: orange
(35:43 / All) OniiChanIts2Big: yellow is phantom purple
(35:56 / All) Orc.T: mhmm
(36:16 / All) Orc.T: this red sucks
(36:25 / All) urmomisaghoul: I think I'm way better than you
(36:30 / All) OniiChanIts2Big: who the fuck cares
(36:31 / All) urmomisaghoul: I have units and lots of gold
(36:32 / All) Orc.T: of course u do
(36:35 / All) urmomisaghoul: what've you got punk?
(36:49 / All) Orc.T: a loss on my record just like u
(36:51 / All) Orc.T: bitch...
(37:40 / All) urmomisaghoul: look, I got every wyrm!
(37:48 / All) OniiChanIts2Big: we're having an internal fight here
(37:53 / All) OniiChanIts2Big: hehe
(37:54 / All) Orc.T: should focus
(38:02 / All) Orc.T: gonna let this scrub red iwn
(38:03 / All) Orc.T: win
(38:05 / All) BlTCHIMTHEKING: You merely adopted the dark, I WAS BORN IN IT
(38:08 / All) urmomisaghoul: I don't need or want your advice purp
(38:16 / All) urmomisaghoul: neither do they want to listen to you
(38:20 / All) urmomisaghoul: stop talking to yourself
(38:23 / All) OniiChanIts2Big: my wyverns were like russian soldiers in ww2
(38:27 / All) OniiChanIts2Big: the only way is forward
(39:12 / All) OniiChanIts2Big: yellow took all my toys
(39:48 / All) Orc.T: cant believe yall r gonna lose to this guy
(40:18 / All) urmomisaghoul: Listen up everyone
(40:19 / All) urmomisaghoul: Blue and orange
(40:21 / All) OniiChanIts2Big: do you really think yellow is trying?
(40:24 / All) urmomisaghoul: Yellow and I were in this together from the start
(40:30 / All) urmomisaghoul: We are going to give you each equal chances at victory
(40:36 / All) urmomisaghoul: we are going to kill everything including our own units
(40:42 / All) urmomisaghoul: and we'll leave nothing left, with no way to kill each other
(40:47 / All) Orc.T: ur so dumb
(40:49 / All) urmomisaghoul: will you leave your PCs on all night for the win?
(40:52 / All) urmomisaghoul: It'll be a Mexican standoff
(41:10 / All) OniiChanIts2Big: for sure man 4v4 wins are the most important thing in my life
(41:18 / All) urmomisaghoul: that a no?
(41:23 / All) OniiChanIts2Big: maybe
(43:06 / Allies) OniiChanIts2Big: destroy them
(43:10 / Allies) OniiChanIts2Big: its evil
(45:00 / All) BlTCHIMTHEKING: Orc T is only legit player here
(45:08 / All) BlTCHIMTHEKING: So we decided you should lose lol
(45:17 / All) urmomisaghoul: any last words purp?
(45:18 / All) BlTCHIMTHEKING: Orange 0-0 he don't give a fuck anynway
(45:19 / All) urmomisaghoul: 5
(45:21 / All) urmomisaghoul: 4
(45:22 / All) urmomisaghoul: 3
(45:23 / All) urmomisaghoul: 2
(45:23 / All) OniiChanIts2Big: lol
(45:24 / All) urmomisaghoul: 1